 Dungeon Crawl Stone Soup version 0.30-a0-475-g03497ec522 (webtiles) character file.

Game seed: 3783907346943809674

9345 cforsyth the Nimble (level 11, -10/68 HPs)
             Began as a Merfolk Ice Elementalist on Dec 20, 2022.
             Was a Follower of Qazlal.
             Mangled by a wyvern (14 damage)
             ... on level 10 of the Dungeon.
             The game lasted 00:49:31 (16921 turns).

cforsyth the Nimble (Merfolk Ice Elementalist)     Turns: 16921, Time: 00:49:32

Health: -10/68     AC:  5    Str:  9    XL:     11   Next: 45%
Magic:  1/20       EV: 19    Int: 18    God:    Qazlal [*.....]
Gold:   555        SH:  2    Dex: 15    Spells: 14/22 levels left

rFire   . . .      SeeInvis .    J - +2 halberd (elec)
rCold   . . .      Faith    .    (shield currently unavailable)
rNeg    . . .      Spirit   .    L - +0 robe {Will+}
rPois   +          Reflect  .    G - +0 hat {Stlth+}
rElec   .          Harm     .    (no cloak)
rCorr   .          Rampage  .    z - +0 pair of gloves
Will    ++...                    K - +1 pair of boots
Stlth   +++.......               h - amulet of the acrobat
HPRegen 0.31/turn                g - ring of willpower
MPRegen 0.17/turn                f - ring of poison resistance

@: freezing walls, very slightly contaminated
A: (nimble swimmer 2), mertail
a: Renounce Religion


You were on level 10 of the Dungeon.
You worshipped Qazlal.
Qazlal was aware of your devotion.
You visited 2 branches of the dungeon, and saw 11 of its levels.
You also visited: Bailey.

You collected 555 gold pieces.

Inventory:

Hand Weapons
 n - the +7 quarterstaff "Kouron" {vorpal, rElec Dex+3 Stlth+}
   (You found it on level 2 of the Dungeon)

   It inflicts extra damage upon your enemies.
   Dex:       It affects your dexterity (+3).
   rElec:     It insulates you from electricity.
   Stlth:     It makes you more stealthy.
 A - a +1 trident
 J - a +2 halberd of electrocution (weapon)
Armour
 z - a +0 pair of gloves (worn)
 G - a +0 hat of stealth (worn)
 K - a +1 pair of boots (worn)
 L - a +0 robe of willpower (worn)
Jewellery
 f - a ring of poison resistance (right hand)
 g - a ring of willpower (left hand)
 h - an amulet of the acrobat (around neck)
 H - a ring of flight
Wands
 o - a wand of acid (3)
 s - a wand of mindburst (19)
 B - a wand of flame (8)
Scrolls
 a - a scroll of torment {unknown}
 e - a scroll of silence {unknown}
 j - a scroll of enchant weapon
 k - a scroll of amnesia {unknown}
 m - a scroll of fear {unknown}
 r - 2 scrolls of magic mapping
 u - a scroll of enchant armour
 v - a scroll of teleportation
 x - a scroll of noise {unknown}
 y - a scroll of acquirement {unknown}
 C - 2 scrolls of fog {unknown}
 D - a scroll of identify
 E - a scroll of immolation
 I - a scroll of vulnerability {unknown}
Potions
 b - a potion of lignification
 c - 3 potions of cancellation
 d - 4 potions of haste {unknown}
 i - 3 potions of mutation {unknown}
 l - 4 potions of brilliance
 p - 2 potions of flight {unknown}
 q - 2 potions of invisibility
 t - 5 potions of might {unknown}
 w - 3 potions of curing {unknown}
 F - 3 potions of magic


   Skills:
 - Level 10.0 Polearms
 + Level 13.3 Dodging
 - Level 2.1 Stealth
 - Level 6.0 Spellcasting
 - Level 8.3 Summonings
 - Level 7.0 Ice Magic
 + Level 4.5 Invocations


You had 14 spell levels left.
You knew the following spells:

 Your Spells              Type           Power      Damage    Failure   Level
a - Freeze                Ice            100%       1d10      1%          1
b - Frozen Ramparts       Ice            60%        1d10      1%          3
c - Summon Ice Beast      Ice/Summ       32%        N/A       5%          4

Your spell library contained the following spells:

 Spells                   Type           Power      Damage    Failure   Level
 Ozocubu's Armour         Ice            30%        N/A       1%          3
 Apportation              Tloc           10%        N/A       12%         1
 Sandblast                Erth           10%        2d5       12%         1
 Passwall                 Tmut/Erth      4%         N/A       19%         2
 Inner Flame              Hex/Fire       5%         N/A       34%         3
 Stone Arrow              Conj/Erth      10%        3d7       34%         3
 Flame Wave               Conj/Fire      5%         2d5       75%         4
 Sticky Flame             Conj/Fire      5%         2d3       75%         4
 Alistair's Intoxication  Tmut/Pois      3%         N/A       97%         5
 Yara's Violent Unravell  Hex/Tmut       2%         3d3       97%         5
 Enfeeble                 Hex            2%         N/A       100%        7


Dungeon Overview and Level Annotations

Branches:
Dungeon (10/15)            Temple (1/1) D:5            Lair (0/5) D:9
 Bailey (visited)
    Orc: D:9-12

Altars:
Ashenzari
Cheibriados
Dithmenos
Elyvilon
Fedhas
Gozag
Hepliaklqana
Kikubaaqudgha
Makhleb
Nemelex Xobeh
Okawaru
Qazlal
Ru
Sif Muna
Trog
Uskayaw
Vehumet
Xom
Yredelemnul
Zin
The Shining One

Shops:
D:1 ?   D:6 *[   D:7 *   D:9 *

Annotations:
D:10 2 runed translucent doors, purpskrrrp's ghost, journeyman TrFi


Innate Abilities, Weirdness & Mutations

((You are very nimble when in or above water. (Stealth+, EV+, Speed+++)))
Your lower body shifts to a powerful aquatic tail in water.


Message History

Unknown command.
Okay, then.
Unknown command.
Casting: Frozen Ramparts (safe; 1% risk of failure)
Confirm with . or Enter, or press ? or * to list all spells.
A chill wind blows around you.
The wall freezes Joseph!
Joseph shoots a sling bullet.
The sling bullet barely misses your ice beast.
The sling bullet closely misses you.
Unknown command.
The wall freezes Joseph but does no damage.
Joseph shoots a sling bullet.
The sling bullet hits your ice beast!!
Your ice beast hits Joseph.
Your ice beast freezes Joseph!
You hear a shout!
You hear a bellow!
Unknown command.
Unknown command.
You hear a shout!
The wall freezes Joseph.
You kill Joseph!
Qazlal accepts your kill.
Unknown command.
Unknown command.
You start resting.
The wall freezes the wyvern.
The wyvern bites your ice beast!
A wyvern is nearby!
The wall freezes the wyvern.
The wyvern bites your ice beast!
Your ice beast dies!
Your ice beast disappears in a puff of smoke!
Unknown command.
Casting: Summon Ice Beast (dangerous; 5% risk of failure)
Confirm with . or Enter, or press ? or * to list all spells.
You miscast Summon Ice Beast.
You are very lightly contaminated with residual magic.
You are covered in a thin layer of ice!
* * * LOW HITPOINT WARNING * * *
The wall freezes the wyvern. x2
You hit the wyvern.
The wyvern is severely wounded.
The wall freezes the wyvern.
The wyvern bites you!
You die...

#.# ..#
#.# ..#
#.# #..
#.# ...
#.. ##.##
... #.#
..####...#
.. #.#
..........
#. #.#
.#####...#
#.###@#
##.##
#l.##l#
#...
#@##.#
.########
#.ยงยงยง#
.........
#y####
.########
# ##.# .##
#
...####..#
..#
#......##
#.#
#.(#....#
#.# ####


You could see a wyvern.

Vanquished Creatures
  Gastronok (D:8)
  Erica (D:8)
  A two-headed ogre (D:9)
  Pikel (D:9)
  Joseph (D:10)
  A rime drake (D:9)
  2 polar bears (D:9)
  2 nameless horrors (D:6)
  A wraith (D:9)
  A wyvern (D:9)
  A yak (D:6)
  A steam dragon (D:9)
  An acid dragon (D:8)
  A water moccasin (D:8)
  4 ice beasts
  A black bear (D:4)
  An orc warrior (D:5)
  2 wolves (D:9)
  2 centaurs
  A lemure (D:9)
  An ogre (D:5)
  A kobold brigand (D:9)
  A bullfrog (D:7)
  A scorpion (D:4)
  4 necrophages
  11 wights
  11 killer bees
  4 howler monkeys
  4 jellies
  3 hounds
  3 orc priests
  Ijyb (D:3)
  An iguana (D:6)
  Terence (D:2)
  Robin (D:2)
  15 gnolls
  2 adders (D:5)
  A white imp (D:6)
  3 ufetubi (D:5)
  A worm (D:2)
  A dart slug (D:3)
  29 orcs
  5 ball pythons
  6 bats
  8 endoplasms
  3 giant cockroaches
  18 goblins
  8 hobgoblins
  4 quokkas
  13 kobolds
  6 rats
198 creatures vanquished.

Vanquished Creatures (collateral kills)
  A troll (D:8)
  2 yaks (D:6)
  An acid dragon (D:9)
  A water moccasin (D:7)
  A black bear (D:7)
  2 orc warriors
  A wolf (D:9)
  A centaur (D:6)
  3 necrophages (D:6)
  A killer bee (D:9)
  2 howler monkeys (D:9)
  2 bullfrog zombies (D:6)
  2 orc priests
  An orc wizard (D:8)
  A gnoll (Bailey)
  9 orcs
31 creatures vanquished.

Vanquished Creatures (others)
  A bush (D:6)
  10 plants (D:6)
11 creatures vanquished.

Grand Total: 240 creatures vanquished

Notes
Turn   | Place    | Note
-------+----------+-------------------------------------------
     0 | D:1      | cforsyth the Merfolk Ice Elementalist began the quest for
                  | the Orb.
     0 | D:1      | Reached XP level 1. HP: 13/13 MP: 3/3
   130 | D:1      | Reached skill level 3 in Dodging
   146 | D:1      | Reached XP level 2. HP: 19/19 MP: 0/5
   248 | D:1      | Found a faded altar of an unknown god.
   518 | D:1      | Found Duroul's Magic Scroll Shoppe.
   564 | D:1      | Reached XP level 3. HP: 24/24 MP: 4/6
   568 | D:1      | Learned a level 3 spell: Frozen Ramparts
  1140 | D:2      | Noticed Terence
  1157 | D:2      | Killed Terence
  1158 | D:2      | Reached skill level 5 in Ice Magic
  1158 | D:2      | Reached XP level 4. HP: 4/30 MP: 5/8
  1266 | D:2      | Learned a level 4 spell: Summon Ice Beast
  1301 | D:2      | Reached skill level 4 in Dodging
  1582 | D:2      | Identified the +7 quarterstaff "Kouron" {vorpal, rElec
                  | Dex+3 Stlth+}
  1659 | D:2      | Noticed Robin
  1660 | D:2      | Reached XP level 5. HP: 32/35 MP: 1/9
  1855 | D:1      | HP: 1/35 [poisoned by a goblin]
  2035 | D:2      | Killed Robin
  3008 | D:3      | Noticed Ijyb
  3017 | D:3      | Killed Ijyb
  3018 | D:3      | Reached skill level 5 in Dodging
  3018 | D:3      | Reached XP level 6. HP: 20/41 MP: 5/11
  3671 | D:4      | Noticed an ice beast
  3681 | D:4      | Killed an ice beast
  3682 | D:4      | Reached skill level 1 in Summonings
  4203 | D:5      | Entered Level 5 of the Dungeon
  4203 | D:5      | Noticed a black bear
  4213 | D:4      | Killed a black bear
  4214 | D:4      | Reached skill level 6 in Dodging
  4214 | D:4      | Reached XP level 7. HP: 33/46 MP: 4/13
  4970 | D:5      | Found a bloodstained altar of Trog.
  5339 | D:5      | Reached skill level 7 in Dodging
  5820 | D:5      | Found a staircase to the Ecumenical Temple.
  6064 | Temple   | Entered the Ecumenical Temple
  6413 | Temple   | Became a worshipper of Qazlal Stormbringer
  6463 | D:6      | Reached skill level 8 in Dodging
  6522 | D:6      | Found a glowing golden altar of the Shining One.
  6536 | D:6      | Reached XP level 8. HP: 41/52 MP: 10/14
  6594 | D:6      | Noticed a yak
  6598 | D:6      | Noticed a yak
  6598 | D:6      | Noticed a yak
  6613 | D:6      | Killed a yak
  6615 | D:6      | Killed a yak
  6616 | D:6      | Reached skill level 9 in Dodging
  6616 | D:6      | Reached skill level 5 in Spellcasting
  6618 | D:6      | Killed a yak
  6619 | D:6      | Reached skill level 10 in Dodging
  7231 | D:5      | Reached skill level 11 in Dodging
  7440 | D:6      | Found a shadowy altar of Dithmenos.
  7447 | D:6      | Found Awuoclou's Antique Armour Shop.
  7448 | D:6      | Found a sparkling altar of Nemelex Xobeh.
  7575 | D:6      | Reached XP level 9. HP: 57/57 MP: 16/16
  7688 | D:6      | Found Puewidd's General Store.
  7801 | D:6      | Found a blossoming altar of Fedhas.
  7908 | D:6      | Reached skill level 1 in Polearms
  8030 | D:6      | Noticed a nameless horror
  8041 | D:7      | Found an iron altar of Okawaru.
  8224 | D:7      | Noticed a nameless horror
  8234 | D:6      | Killed a nameless horror
  9073 | D:7      | Found Zin's Purification Station.
  9529 | D:7      | Reached skill level 12 in Dodging
 10164 | D:7      | Found a burning altar of Makhleb.
 10248 | D:7      | Found a white marble altar of Elyvilon.
 10248 | D:7      | Found a sacrificial altar of Ru.
 10337 | D:7      | Found a glowing silver altar of Zin.
 10529 | D:8      | Noticed Gastronok
 10741 | D:8      | Reached * piety under Qazlal
 10969 | D:8      | Identified the +9 sling of Deso {drain, Int+5 Dex+2}
 11667 | D:6      | Killed a nameless horror
 11984 | D:8      | Noticed a troll
 11996 | D:8      | Killed a troll
 11997 | D:8      | Reached skill level 5 in Summonings
 12009 | D:8      | Reached skill level 5 in Polearms
 12009 | D:8      | Reached XP level 10. HP: 25/63 MP: 5/19
 12398 | D:8      | Noticed Erica
 12410 | D:8      | Killed Erica
 12940 | D:8      | Killed Gastronok
 13397 | D:9      | Found Wyases Ungi's Gadget Gallery.
 13425 | D:9      | HP: 3/63 [something (12)]
 13427 | D:9      | HP: 1/63 [something (9)]
 13430 | D:9      | Found a flagged portal.
 13430 | D:9      | Noticed a two-headed ogre
 13577 | D:9      | HP: 2/63 [two-headed ogre/+0 giant club (24)]
 13583 | D:9      | Killed a two-headed ogre
 13599 | D:9      | Reached ** piety under Qazlal
 13628 | D:9      | Reached XP level 11. HP: 11/68 MP: 2/20
 13631 | Bailey   | Entered a bailey
 14289 | Bailey   | Reached skill level 10 in Polearms
 14655 | D:9      | Identified the +0 battleaxe of Levvuin {venom, Str+4 Int-2
                  | Dex+4}
 14676 | D:9      | Reached skill level 1 in Invocations
 16516 | D:9      | Found a staircase to the Lair.
 16688 | D:9      | Noticed Pikel
 16699 | D:9      | Killed Pikel
 16700 | D:9      | Reached skill level 13 in Dodging
 16774 | D:10     | Entered Level 10 of the Dungeon
 16776 | D:10     | Found a large runed translucent door.
 16776 | D:10     | Found a large runed translucent door.
 16844 | D:10     | Noticed purpskrrrp's ghost (journeyman TrFi)
 16893 | D:10     | Noticed Joseph
 16917 | D:10     | Killed Joseph
 16921 | D:10     | Mangled by a wyvern

Illustrated notes

Levels and vault maps discovered:
D:1:      dpeg_arrival_ternary, layout_basic, chequers_ecumenical_altar_twisty,
          serial_shops, nicolae_shop_crystal
D:2:      layout_rooms, hangedman_decor_clover_reticule, uniq_robin,
          uniq_terence
D:3:      layout_basic, uniq_ijyb
D:4:      layout_loops_ring, corexii_checkpoint_b
D:5:      layout_loops_ring, trog_book, minmay_temple_entry_trees,
          minmay_crystal_room, grunt_ministairs_9, minmay_misc_feat_iff
D:6:      layout_cave_pools, fedhas_altar_decomposition,
          mainiacjoe_overflow_six_doors_small, mainiacjoe_overflow_chevrons,
          grunt_dithmenos_smoke, serial_shops, nicolae_shop_crystal,
          minmay_shop_grid_forest
D:7:      layout_cave_pools, mainiacjoe_overflow_divided_tiny,
          mainiacjoe_overflow_catch_the_wave, zin_purify,
          amcnicky_mini_rare_corridor_liquid
D:8:      layout_loops_ring, abandoned_shop, nicolae_figureground_pulse,
          uniq_erica, uniq_gastronok
D:9:      layout_rooms, hellmonk_lair_entry_icy, enter_bailey_6,
          dk_noncrumbling_4, nicolae_shop_gadgets, uniq_pikel
D:10:     layout_loops_ring, nicolae_wu_jian_wuxing_cycle,
          ebering_ghost_disaster_area, palyth_stone_intersect,
          minmay_alternating_orb, uniq_maurice, uniq_joseph
Temple:   chequers_temple_sunken

Skill      XL: |  1  2  3  4  5  6  7  8  9 10 11 |
---------------+----------------------------------+-----
Dodging        | 3 4 5 6 8 11 12 13 | 13.3
Ice Magic      | 5 6 7 |  7.0
Spellcasting   | 3 4 5 6 |  6.0
Summonings     | 2 3 5 8 |  8.3
Polearms       | 5 9 10 | 10.0
Invocations    | 4 |  4.5
Stealth        | |  2.1

Action                   |  1- 3 |  4- 6 |  7- 9 | 10-12 || total
-------------------------+-------+-------+-------+-------++-------
Melee: Unarmed           |    13 |       |       |       ||    13
       Quarterstaff      |       |     8 |    55 |    84 ||   147
       Halberd           |       |       |       |    89 ||    89
 Cast: Freeze            |    50 |    87 |   102 |    35 ||   274
       Frozen Ramparts   |     1 |     5 |    19 |    13 ||    38
       Summon Ice Beast  |       |       |    25 |    37 ||    62
Invok: Upheaval          |       |       |       |     5 ||     5
Evoke: Wand              |       |     6 |     2 |       ||     8
  Use: Potion            |     1 |       |     1 |     7 ||     9
       Scroll            |       |     5 |     6 |     4 ||    15
 Stab: Sleeping          |       |     1 |     1 |       ||     2
       Distracted        |       |       |     1 |     2 ||     3
Armor: Robe              |     9 |     8 |    11 |    21 ||    49
Dodge: Dodged            |    37 |    94 |   184 |   239 ||   554
Block: Other             |       |       |       |    19 ||    19

Table legend: (Time is in decaauts)
 A = Elapsed time spent in this place.
 B = Non-inter-level travel time spent in this place.
 C = Inter-level travel time spent in this place.
 D = Time resting spent in this place.
 E = Time spent auto-exploring this place.
 F = Levels seen in this place.
 G = Mean time per level.
                   A        B        C        D        E       F      G
               +--------+--------+--------+--------+--------+-----+--------+
         Total |  16883 |  16247 |    636 |   7605 |   5483 |  12 | 1406.9 |
       Dungeon |  15619 |  14994 |    625 |   7032 |   5321 |  10 | 1561.9 |
        Temple |    272 |    262 |     10 |      0 |    103 |   1 |  272.0 |
        Bailey |    991 |    991 |      0 |    573 |     58 |   1 |  991.0 |
               +--------+--------+--------+--------+--------+-----+--------+

Top non-repeatable levels by time:
     D:6: 2818 daAuts
     D:8: 2713 daAuts
     D:5: 2651 daAuts
     D:7: 1848 daAuts
     D:1: 1184 daAuts
     D:9: 1152 daAuts
     D:3: 1063 daAuts
     D:4: 1021 daAuts
     D:2: 1019 daAuts
  Bailey: 991 daAuts
  Temple: 272 daAuts
    D:10: 146 daAuts
